 Dungeon Crawl Stone Soup version 0.30-a0-475-g03497ec522 (webtiles) character file.

Game seed: 18194173387730005386

328 Zonian the Magician (level 6, -2/40 HPs)
             Began as a Djinni Ice Elementalist on Dec 21, 2022.
             Slain by Edmund the fire bat (5 damage)
             ... on level 4 of the Dungeon.
             The game lasted 00:07:47 (4914 turns).

Zonian the Magician (Djinni Ice Elementalist)       Turns: 4914, Time: 00:07:48

Health: -2/40      AC:  2    Str:  7    XL:     6   Next: 80%
Gold:   85         EV: 13    Int: 19    God:
                   SH:  0    Dex: 13

rFire   + + .      SeeInvis .    m - +1 dagger (elec)
rCold   x . .      Faith    .    (no shield)
rNeg    . . .      Spirit   .    a - +0 robe
rPois   ∞          Reflect  .    (no helmet)
rElec   .          Harm     .    (no cloak)
rCorr   .          Rampage  .    (no gloves)
Will    .....                    (boots unavailable)
Stlth   ++........               (no amulet)
HPRegen 0.26/turn                (no ring)
MPRegen 0.00/turn                (no ring)

@: flying
A: sickness immunity, fire resistance 2, cold vulnerability 1, float, innate
caster, HP casting, extra vitality 1
a: no special abilities


You were on level 4 of the Dungeon.
You visited 1 branch of the dungeon, and saw 4 of its levels.

You collected 178 gold pieces.
You spent 93 gold pieces at shops.

Inventory:

Hand Weapons
 f - a +0 sling
 i - a +0 sling
 k - a +0 short sword
 m - a +1 dagger of electrocution (weapon)
 u - a +3 dagger of flaming
Armour
 a - a +0 robe (worn)
Jewellery
 e - a ring of fire
 n - a +4 ring of evasion
Wands
 v - a wand of polymorph (13)
Scrolls
 h - a scroll of fog {unknown}
 l - a scroll of fear
 o - a scroll of brand weapon
 r - a scroll of vulnerability {unknown}
Potions
 b - a potion of resistance
 c - 2 potions of curing
 d - a potion of lignification {unknown}
 g - a potion of degeneration {unknown}
 j - 3 potions of mutation
 p - a potion of cancellation {unknown}
 q - 2 potions of ambrosia
 s - a potion of heal wounds {unknown}
 t - a potion of might {unknown}


   Skills:
 - Level 4.1 Dodging
 - Level 3.3 Stealth
 + Level 4.7 Spellcasting


You couldn't memorise any spells.
You knew the following spells:

 Your Spells              Type           Power      Damage    Failure   Level
a - Freeze                Ice            88%        1d9       1%          1
b - Frozen Ramparts       Ice            44%        1d7       5%          3
c - Ozocubu's Armour      Ice            22%        N/A       5%          3
d - Summon Ice Beast      Ice/Summ       22%        N/A       19%         4
e - Magic Dart            Conj           88%        1d7       1%          1
f - Poisonous Vapours     Pois/Air       44%        N/A       2%          2
Your spell library was empty.

Dungeon Overview and Level Annotations

Branches:
Dungeon (4/15)
 Temple: D:4-7

Altars:

Shops:
D:2 :   D:3 *

Annotations:
D:4 Edmund


Innate Abilities, Weirdness & Mutations

You are immune to sickness and miasma.
You are immune to poison.
Your flesh is very heat resistant. (rF++)
You are vulnerable to cold. (rC-)
You float through the air rather than walking.
You learn spells naturally, not from books.
Your magical power is your life essence.
You have superior vitality. (+4 MHP)


Message History

Edmund barely misses you. Edmund completely misses you.
Unknown command.
You hit Edmund.
Edmund is moderately wounded.
Edmund bites you.
You are engulfed in flames.
You resist. Edmund bites you.
You are engulfed in flames.
You resist.
Unknown command.
You hit Edmund.
Edmund is heavily wounded.
Edmund closely misses you.
Unknown command.
Casting: Poisonous Vapours (safe; 2% risk of failure)
Confirm with . or Enter, or press ? or * to list all spells.
Aiming: Poisonous Vapours (safe; 2% risk of failure)
Press: ? - help, Dir - move target, f/p - Edmund
Aim: Edmund the fire bat (heavily wounded, extremely poisoned) Poisonous vapours surround Edmund!
Edmund looks as sick as possible!
Edmund closely misses you. Edmund completely misses you.
Unknown command.
You closely miss Edmund.
Edmund is almost dead.
Edmund bites you.
You are engulfed in flames.
You resist.
* * * LOW HITPOINT WARNING * * *
Unknown command.
Casting: Poisonous Vapours (safe; 2% risk of failure)
Confirm with . or Enter, or press ? or * to list all spells.
Aiming: Poisonous Vapours (safe; 2% risk of failure)
Press: ? - help, Dir - move target, f/p - Edmund
Aim: Edmund the fire bat (almost dead, extremely poisoned) Poisonous vapours surround Edmund!
Edmund looks as sick as possible!
* * * LOW HITPOINT WARNING * * *
Edmund bites you.
* * * LOW HITPOINT WARNING * * *
You are engulfed in flames.
You resist.
* * * LOW HITPOINT WARNING * * *
Unknown command.
You closely miss Edmund.
Edmund is almost dead.
Edmund bites you but does no damage. Edmund bites you.
You die...

..[.# ... ....# ... ....# ...
....# ################ ...
....# #............... .@.
....# #......†........ .. ....#
#............... .?..#
#............... ....#
#.......@b....). ....#
##'##########'## ....#
#......... ....######........
.........#........
.........#........ ...
.........'........ ... #
......<..#........ ###'###..
......)..#....#########.....†..


You could see Edmund the fire bat (extremely poisoned).

Vanquished Creatures
  A black bear (D:4)
  A phantom (D:4)
  A hound (D:4)
  6 adders
  A shadow imp (D:4)
  3 worms (D:2)
  2 dart slugs (D:3)
  2 orcs
  6 endoplasms
  6 goblins
  7 hobgoblins
  5 kobolds
  3 quokkas
  6 ball pythons
  5 bats (D:1)
  A frilled lizard (D:1)
  5 rats
61 creatures vanquished.

Notes
Turn   | Place    | Note
-------+----------+-------------------------------------------
     0 | D:1      | Zonian the Djinni Ice Elementalist began the quest for the
                  | Orb.
     0 | D:1      | Zonian set off with the following spells memorised: Freeze,
                  | Frozen Ramparts, Ozocubu's Armour, Summon Ice Beast.
     0 | D:1      | Reached XP level 1. HP: 15/15 MP: 0/0
   285 | D:1      | Reached XP level 2. HP: 19/21 MP: 0/0
   991 | D:2      | Reached XP level 3. HP: 17/25 MP: 0/0
   991 | D:2      | Learned a level 1 spell: Magic Dart
  1212 | D:2      | Reached XP level 4. HP: 18/31 MP: 0/0
  1472 | D:2      | Found Soluriot's Book Shoppe.
  2301 | D:3      | Found Anitzoigh's Assorted Antiques.
  2316 | D:3      | Bought a scroll labelled MISMAI NUGRELE for 21 gold pieces
  2316 | D:3      | Bought a fuming blue potion for 18 gold pieces
  2316 | D:3      | Bought a silvery potion for 18 gold pieces
  2316 | D:3      | Bought a bubbling inky potion for 18 gold pieces
  2316 | D:3      | Bought a bubbling inky potion for 18 gold pieces
  2782 | D:3      | Reached XP level 5. HP: 32/35 MP: 0/0
  2782 | D:3      | Learned a level 2 spell: Poisonous Vapours
  3059 | D:4      | Noticed Edmund
  3704 | D:4      | Noticed a phantom
  3908 | D:4      | Killed a phantom
  3909 | D:4      | Reached XP level 6. HP: 26/40 MP: 0/0
  4605 | D:4      | Noticed a black bear
  4615 | D:4      | Killed a black bear
  4903 | D:4      | Edmund changed into Edmund the fire bat
  4903 | D:4      | Noticed Edmund
  4914 | D:4      | Slain by Edmund the fire bat

Illustrated notes

Levels and vault maps discovered:
D:1:      nicolae_arrival_somewhat_less_tricky_arrival, layout_basic
D:2:      layout_basic, serial_shops, shop, minmay_diced_spiral
D:3:      minmay_evil_eye, layout_basic, serial_shops, nicolae_shop_stone,
          st_stairs_4
D:4:      layout_gridville, uniq_edmund, uniq_blork_the_orc, uniq_robin

Skill      XL: |  1  2  3  4  5 |
---------------+----------------+-----
Stealth        | 2 3 |  3.3
Dodging        | 3 4 |  4.1
Spellcasting   | 4 |  4.7

Action                   |  1- 3 |  4- 6 || total
-------------------------+-------+-------++-------
Melee: Dagger            |       |    14 ||    14
       Punch             |       |     1 ||     1
 Cast: Freeze            |    32 |    14 ||    46
       Magic Dart        |    16 |   102 ||   118
       Poisonous Vapours |       |     9 ||     9
Evoke: Wand              |       |     2 ||     2
  Use: Scroll            |       |    10 ||    10
Armor: Robe              |     6 |     3 ||     9
Dodge: Dodged            |    17 |    30 ||    47

Table legend: (Time is in decaauts)
 A = Elapsed time spent in this place.
 B = Non-inter-level travel time spent in this place.
 C = Inter-level travel time spent in this place.
 D = Time resting spent in this place.
 E = Time spent auto-exploring this place.
 F = Levels seen in this place.
 G = Mean time per level.
                   A        B        C        D        E       F      G
               +--------+--------+--------+--------+--------+-----+--------+
         Total |   4913 |   4796 |    117 |   1233 |   2981 |   4 | 1228.2 |
       Dungeon |   4913 |   4796 |    117 |   1233 |   2981 |   4 | 1228.2 |
               +--------+--------+--------+--------+--------+-----+--------+

Top non-repeatable levels by time:
     D:4: 1407 daAuts
     D:2: 1290 daAuts
     D:3: 1246 daAuts
     D:1: 969 daAuts
